 Dungeon Sprint DCSS version 0.26-a0-658-gbdda728c12 (webtiles) character file.

Game seed: 5256980004039428181

309 DogServant the Distorting Demonspawn (level 6, -14/56 HPs)
             Began as a Demonspawn Abyssal Knight on Oct 5, 2020.
             Was a Believer of Lugonu.
             Demolished by a slime creature (21 damage)
             ... in the Dungeon (Sprint I: "Red Sonja").
             The game lasted 00:01:34 (597 turns).

DogServant the Distorting Demonspawn (DsAK)          Turns: 597, Time: 00:01:35

Health: -14/56     AC:  3    Str: 15    XL:     6   Next: 17%
Magic:  12/12      EV: 14    Int: 13    God:    Lugonu [**....]
Gold:   170        SH:  0    Dex: 12    Spells: 5/5 levels left

rFire    . . .     SeeInvis .   a - +1 hand axe
rCold    . . .     Faith    .   (no shield)
rNeg     . . .     Spirit   .   b - +0 leather armour
rPois    .         Reflect  .   (no helmet)
rElec    .         Harm     .   (no cloak)
rCorr    .         Rampage  .   (no gloves)
MR       .....     NoTele   +   (no boots)
Stlth    +.........             (no amulet)
HPRegen  0.18/turn              (no ring)
MPRegen  0.13/turn              (no ring)

@: no status effects
A: demonic guardian 1
a: Bend Space, Renounce Religion


You were in the Dungeon.
You worshipped Lugonu.
Lugonu was pleased with you.
You visited 1 branch You collected 170 gold pieces.

Inventory:

Hand Weapons
 a - a +1 hand axe (weapon)
Armour
 b - a +0 leather armour (worn)
Scrolls
 h - a scroll of blinking
Potions
 c - a potion of curing
 d - a potion of heal wounds
 e - a potion of haste
 f - 2 potions of magic
 g - a potion of berserk rage
 i - a potion of lignification {unknown}


   Skills:
 + Level 7.9 Fighting
 + Level 6.0 Axes
 - Level 2.6 Armour
 + Level 5.3 Dodging
 + Level 8.3 Invocations


You had 5 spell levels left.
You didn't know any spells.
Your spell library was empty.

Dungeon Overview and Level Annotations

Branches:
Dungeon (1/1)

Altars:
Cheibriados
Dithmenos
Elyvilon
Fedhas
Gozag
Hepliaklqana
Kikubaaqudgha
Makhleb
Nemelex Xobeh
Okawaru
Qazlal
Ru
Sif Muna
Trog
Uskayaw
Vehumet
Wu Jian
Xom
Yredelemnul
Zin
The Shining One
Jiyva
Lugonu

Shops:
D =


Innate Abilities, Weirdness & Mutations

A weak demonic guardian rushes to your aid.


Message History

There is an open door here.
Your ufetubus hits the slime creature. x2
The slime creature hits your ufetubus!!
Your ufetubus dies!
The slime creature quivers.
Your shadow imp hits the slime creature.
You hit the slime creature.
The slime creature is almost dead.
The slime creature hits you.
* * * LOW HITPOINT WARNING * * *
Your shadow imp hits the slime creature.
Your leather armour prevents you from hitting the slime creature.
The slime creature is almost dead.
The slime creature hits you.
* * * LOW HITPOINT WARNING * * *
Your shadow imp hits the slime creature.
You hit the slime creature.
The slime creature is almost dead.
The slime creature hits you!!
You die...

###################
#<.#..'..#.)'.5#__#
#..').#..'..#@J'..+
#..#####'#####'#__#
#..####..# #.####
#.)#__#### ##)#
#..#_____##+#_.+
#⌠⌠#_.∩...'..._#
####_..__##_.#+#
#_____###+# #######


You could see a slime creature and a friendly shadow imp (summoned).

Vanquished Creatures
  Sigmund (D)
  A jelly (D)
  Ijyb (D)
3 creatures vanquished.

Vanquished Creatures (collateral kills)
  A yak (D)
  An ogre (D)
2 creatures vanquished.

Grand Total: 5 creatures vanquished

Notes
Turn   | Place    | Note
-------+----------+-------------------------------------------
     0 | D        | DogServant the Demonspawn Abyssal Knight began the quest
                  | for the Orb.
     0 | D        | Reached XP level 1. HP: 18/18 MP: 2/2
     1 | D        | Noticed Ijyb
    24 | D        | Killed Ijyb
    24 | D        | Reached skill level 5 in Fighting
    24 | D        | Reached skill level 1 in Dodging
    24 | D        | Reached skill level 3 in Invocations
    24 | D        | Gained mutation: A weak demonic guardian rushes to your
                  | aid. [demonic ancestry]
    24 | D        | Reached XP level 2. HP: 8/27 MP: 2/4
    27 | D        | Noticed an ogre
    36 | D        | Killed an ogre
    36 | D        | Reached ** piety under Lugonu
    36 | D        | Reached skill level 4 in Invocations
    36 | D        | Reached XP level 3. HP: 12/34 MP: 3/6
    36 | D        | Reached XP level 4. HP: 14/40 MP: 3/7
   249 | D        | Noticed Sigmund
   260 | D        | Killed Sigmund
   260 | D        | Reached skill level 5 in Axes
   260 | D        | Reached skill level 6 in Invocations
   260 | D        | Reached XP level 5. HP: 42/48 MP: 7/10
   273 | D        | Found a shimmering blue altar of Sif Muna.
   274 | D        | Found an ornate altar of the Wu Jian Council.
   275 | D        | Found a radiant altar of Vehumet.
   283 | D        | Reached skill level 7 in Invocations
   438 | D        | Found Duno's Jewellery Emporium.
   438 | D        | Found an ancient bone altar of Kikubaaqudgha.
   438 | D        | Found a hazy altar of Hepliaklqana.
   438 | D        | Found a stormy altar of Qazlal.
   438 | D        | Found a hide-covered altar of Uskayaw.
   438 | D        | Found a blossoming altar of Fedhas.
   438 | D        | Found a bloodstained altar of Trog.
   438 | D        | Found an iron altar of Okawaru.
   438 | D        | Found a basalt altar of Yredelemnul.
   438 | D        | Found a glowing golden altar of the Shining One.
   438 | D        | Found a snail-covered altar of Cheibriados.
   438 | D        | Found a sacrificial altar of Ru.
   438 | D        | Found a glowing silver altar of Zin.
   438 | D        | Found a shadowy altar of Dithmenos.
   438 | D        | Found a white marble altar of Elyvilon.
   438 | D        | Noticed a yak
   448 | D        | Killed a yak
   448 | D        | Reached skill level 5 in Dodging
   448 | D        | Reached skill level 8 in Invocations
   448 | D        | Reached XP level 6. HP: 33/56 MP: 10/12
   452 | D        | Found an opulent altar of Gozag.
   453 | D        | Found a sparkling altar of Nemelex Xobeh.
   583 | D        | Found a viscous altar of Jiyva.
   583 | D        | Found a corrupted altar of Lugonu.
   583 | D        | Noticed a slime creature
   584 | D        | Found a burning altar of Makhleb.
   584 | D        | Found a shimmering altar of Xom.
   597 | D        | Demolished by a slime creature

Illustrated notes

Levels and vault maps discovered:
D:        dungeon_sprint_1 [red_sonja_temple_1, red_sonja_temple_small_1]

Skill      XL: |  1  2  3  4  5 |
---------------+----------------+-----
Fighting       | 5 7 |  7.9
Axes           | 2 3 5 6 |  6.0
Armour         | 2 |  2.6
Dodging        | 1 2 4 5 |  5.3
Invocations    | 3 4 6 8 |  8.3

Action                   |  1- 3 |  4- 6 || total
-------------------------+-------+-------++-------
Melee: Hand axe          |    22 |    26 ||    48
Armor: Leather armour    |     3 |       ||     3
Dodge: Dodged            |    10 |    16 ||    26

Table legend: (Time is in decaauts)
 A = Elapsed time spent in this place.
 B = Non-inter-level travel time spent in this place.
 C = Inter-level travel time spent in this place.
 D = Time resting spent in this place.
 E = Time spent auto-exploring this place.
 F = Levels seen in this place.
 G = Mean time per level.
                   A        B        C        D        E       F      G
               +--------+--------+--------+--------+--------+-----+--------+
         Total |    603 |    603 |      0 |    352 |    121 |   1 |  603.0 |
       Dungeon |    603 |    603 |      0 |    352 |    121 |   1 |  603.0 |
               +--------+--------+--------+--------+--------+-----+--------+

Top non-repeatable levels by time:
       D: 603 daAuts
